 Dungeon Crawl Stone Soup version 0.17.1-2-g5865329 (webtiles) character file.

12155 Miyamura the Fighter (level 11, -18/86 HPs)
             Began as a Mummy Wizard on Jan 27, 2016.
             Was a Follower of Ashenzari.
             Demolished by a komodo dragon (25 damage)
             ... on level 10 of the Dungeon on Jan 30, 2016.
             The game lasted 01:31:39 (23674 turns).

Miyamura the Fighter (Mummy Wizard)                Turns: 23674, Time: 01:31:48

Health: -18/86     AC:  3    Str: 11    XL:     11   Next: 58%
Magic:  20/29      EV: 14    Int: 21    God:    Ashenzari [*.....]
Gold:   995        SH:  0    Dex: 10    Spells: 5 memorised, 12 levels left

rFire  x . .     SeeInvis .     x - +4 quarterstaff (crush)
rCold  + . .     Clarity  .     j - troll hide (curse)
rNeg   + + +     SustAt   .     (shield currently unavailable)
rPois  ∞         Gourm    .     b - +0 hat (curse)
rElec  .         Spirit   .     (no cloak)
rCorr  .         Warding  .     (no gloves)
rMut   .         Stasis   .     f - +0 pair of boots (curse)
MR     +....                    t - amulet of regeneration
Stlth  +++.......               l - ring of magical power
                                i - ring of stealth

@: very slightly contaminated, repel missiles, somewhat resistant to hostile
enchantments, fairly stealthy
A: no food or potions, fire vulnerability, cold resistance 1, negative energy
resistance 3, torment resistance, unbreathing
a: Scrying, Renounce Religion


You were on level 10 of the Dungeon.
You worshipped Ashenzari.
Ashenzari was aware of your devotion.
You were not hungry.

You visited 3 branches of the dungeon, and saw 15 of its levels.

You collected 1437 gold pieces.
You spent 442 gold pieces at shops.

Inventory:

Hand Weapons
 w - a +2 hunting sling of flaming
 x - a +4 quarterstaff of crushing (weapon)
 y - a +0 blowgun
Missiles
 d - 113 sling bullets
 e - 61 poisoned needles
Armour
 b - a cursed +0 hat (worn)
 f - a cursed +0 pair of boots (worn)
 j - a cursed troll hide (worn)
 B - a +2 robe of fire resistance
Jewellery
 i - a ring of stealth (left hand)
 l - a ring of magical power (right hand)
 t - an amulet of regeneration (around neck)
Wands
 a - a wand of frost (11)
 k - a wand of slowing (0)
 o - a wand of lightning (0)
 r - a wand of confusion (0)
 s - a wand of polymorph (0)
 u - a wand of flame (21)
Scrolls
 g - a scroll of blinking
 h - 3 scrolls of curse armour
 m - 3 scrolls of immolation
 p - 2 scrolls of magic mapping
 q - 2 scrolls of amnesia
 z - 5 scrolls of identify
 A - 3 scrolls of teleportation
Books
 c - a book of Minor Magic

   Spells                             Type                      Level
   a - Magic Dart                     Conjuration                  1
   b - Blink                          Translocation                2
   c - Call Imp                       Summoning                    2
   d - Repel Missiles                 Charms/Air                   2
   e - Slow                           Hexes                        2
   f - Conjure Flame                  Conjuration/Fire             3
   g - Mephitic Cloud                 Conjuration/Poison/Air       3
 v - a book of Enchantments

   Spells                             Type                      Level
   a - Cause Fear                     Hexes                        4
   b - Silence                        Hexes/Air                    5
   c - Deflect Missiles               Charms/Air                   6
   d - Haste                          Charms                       6
   e - Discord                        Hexes                        8
Miscellaneous
 n - a plain deck of defence {the Elixir, drawn: 1}


   Skills:
 + Level 8.2 Fighting
   Level 2.3(3.6) Polearms
 + Level 4.3(4.6) Staves
 + Level 7.1 Dodging
 - Level 4.1 Stealth
 - Level 6.0 Spellcasting
 - Level 5.3 Conjurations
 + Level 4.0 Charms
 - Level 2.0 Summonings
 - Level 1.2 Translocations
 + Level 5.7 Evocations


You had 12 spell levels left.
You knew the following spells:

 Your Spells              Type           Power        Failure   Level  Hunger
a - Magic Dart            Conj           ####         1%          1    N/A
b - Blink                 Tloc           N/A          14%         2    N/A
c - Call Imp              Summ           ##......     10%         2    N/A
m - Mephitic Cloud        Conj/Pois/Air  ##......     21%         3    N/A
R - Repel Missiles        Chrm/Air       ##....       10%         2    N/A

Dungeon Overview and Level Annotations

Branches:
Dungeon (10/15)            Temple (1/1) D:7            Lair (0/8) D:10
    Orc (4/4) D:9             Elf (0/3) Orc:3

Altars:
Ashenzari
Cheibriados
Dithmenos
Elyvilon
Fedhas
Gozag
Kikubaaqudgha
Makhleb
Nemelex Xobeh
Okawaru
Qazlal
Ru
Sif Muna
Trog
Vehumet
Xom
Yredelemnul
Zin
The Shining One

Shops:
Orc:1 ?

Annotations:
D:9 Erica; Gastronok
D:10 exclusion: Erolcha, Erolcha; Urug
Orc:4 DishwasherDemon's ghost, journeyman MiBe


Innate Abilities, Weirdness & Mutations

You do not eat or drink.
Your flesh is vulnerable to fire.
You are immune to poison.
Your flesh is cold resistant.
You are immune to negative energy.
You are immune to unholy pain and torment.
You can survive without breathing.


Message History

Evoke which item? (* to show all) (? for menu, Esc to quit)
Zapping:
a - a wand of frost (12)
Press: ? - help, Shift-Dir - straight line, f/p - komodo dragon
Aim: a komodo dragon (almost dead)
The puff of frost hits the komodo dragon.
The komodo dragon appears unharmed.
The komodo dragon is almost dead.
This wand has 11 charges left.
The komodo dragon bites you!!
* * * LOW HITPOINT WARNING * * *
Casting: Blink
Confirm with . or Enter, or press ? or * to list all spells.
You blink.
The komodo dragon bites you!
* * * LOW HITPOINT WARNING * * *
Casting: Blink
Confirm with . or Enter, or press ? or * to list all spells.
You miscast Blink.
You are very lightly contaminated with residual magic.
The world appears momentarily distorted!
The komodo dragon bites you!!
You die...

##.#..P..>.P#
#.....PP..PP#
#......P..PP#
##....P.P..PP#
##........PPPP#
#.)...#...PPPP#
##.#...#.....PP# #
#..#.l.##....P## #
###.##..@###...##
###
#...###.......##
..#
#.#####..######
#.#######.###...##
#!..##....#.[.####
###.##.###.......#
#.............##
#...#..##.#.###
###.###..#?...#


You could see a komodo dragon.

Vanquished Creatures
  Nergalle (D:9)
  A hill giant (D:6)
  3 orc sorcerers
  Joseph (D:8)
  2 trolls
  2 two-headed ogres (D:10)
  2 wyverns
  Grum (D:8)
  2 wolves (D:8)
  Menkaure (D:7)
  A water moccasin (D:8)
  Duvessa (D:7)
  A black bear (D:5)
  7 orc warriors
  A spider (D:9)
  3 ice beasts
  2 phantoms
  A sky beast (D:9)
  14 ogres
  An eye of draining (D:10)
  3 necrophages (D:9)
  5 centaurs
  8 giant frogs
  3 big kobolds
  A wyvern zombie (D:9)
  A scorpion (D:7)
  3 gnoll sergeants (D:9)
  5 wights (D:9)
  A quasit (D:8)
  4 electric eels (D:7)
  10 killer bees
  16 orc priests
  7 hounds
  A giant frog skeleton (D:6)
  2 worker ants (D:7)
  20 orc wizards
  3 iguanas
  A hound skeleton (D:7)
  2 mummies (D:9)
  3 adders
  13 gnolls
  An ooze (D:4)
  An adder zombie (D:9)
  2 adder skeletons
  17 giant geckos
  132 orcs
  2 ball pythons
  8 bats
  4 giant cockroaches
  4 goblins (D:2)
  8 hobgoblins
  7 jackals
  13 kobolds
  6 quokkas
  A giant gecko skeleton (D:4)
  A giant gecko zombie (D:7)
  6 giant newts
  A jackal skeleton (D:4)
  A jackal zombie (D:7)
  16 rats
391 creatures vanquished.

Vanquished Creatures (collateral kills)
  The ghost of Thomus the Magician, a novice DsWz of Xom (D:6)
  3 trolls
  The ghost of WereVolvo the Stinger, an amateur GrVM (D:3)
  4 orc warriors
  A black bear (D:8)
  An ogre (D:6)
  A wyvern skeleton (D:7)
  Dowan (D:7)
  4 orc priests
  3 crimson imps
  2 hounds
  An iguana (D:5)
  A giant frog skeleton (D:8)
  A gnoll shaman (D:6)
  A centaur skeleton (D:5)
  A worker ant (D:5)
  4 gnolls
  13 orcs
  A jackal (D:8)
  A kobold (D:9)
46 creatures vanquished.

Vanquished Creatures (others)
  An orc (Orc:1)
  12 plants
13 creatures vanquished.

Grand Total: 450 creatures vanquished

Notes
Turn   | Place    | Note
--------------------------------------------------------------
     0 | D:1      | Miyamura the Mummy Wizard began the quest for the Orb.
     0 | D:1      | Reached XP level 1. HP: 13/13 MP: 4/4
   292 | D:1      | Reached skill level 1 in Conjurations
   454 | D:1      | Reached XP level 2. HP: 20/20 MP: 3/6
   466 | D:1      | Reached skill level 1 in Fighting
  1157 | D:1      | Learned a level 2 spell: Call Imp
  1160 | D:1      | Learned a level 2 spell: Blink
  1163 | D:1      | Learned a level 2 spell: Repel Missiles
  1433 | D:1      | Reached XP level 3. HP: 19/26 MP: 0/7
  3147 | D:2      | Reached skill level 1 in Summonings
  3564 | D:3      | Found a glowing silver altar of Zin.
  3577 | D:3      | Reached skill level 1 in Translocations
  3627 | D:3      | Reached XP level 4. HP: 28/32 MP: 0/8
  3754 | D:3      | Noticed WereVolvo's ghost (amateur GrVM)
  3899 | D:3      | Found a sparkling altar of Nemelex Xobeh.
  4042 | D:3      | Killed WereVolvo's ghost
  4042 | D:3      | Reached XP level 5. HP: 20/38 MP: 2/10
  4544 | D:3      | Learned a level 3 spell: Mephitic Cloud
  4609 | D:4      | Noticed a phantom
  6167 | D:4      | Killed a phantom
  6167 | D:4      | Reached XP level 6. HP: 35/44 MP: 5/11
  6348 | D:5      | Entered Level 5 of the Dungeon
  7817 | D:6      | Found an iron altar of Okawaru.
  7817 | D:6      | Noticed Thomus's ghost (novice DsWz)
  7822 | D:6      | Found a shimmering altar of Xom.
  7828 | D:6      | Found a sacrificial altar of Ru.
  7832 | D:6      | Found a white marble altar of Elyvilon.
  7918 | D:5      | Reached skill level 4 in Spellcasting
  8188 | D:6      | Found an opulent altar of Gozag.
  8503 | D:6      | Noticed a hill giant
  8524 | D:6      | Killed a hill giant
  8524 | D:6      | Reached XP level 7. HP: 50/52 MP: 8/13
  9042 | D:6      | Killed Thomus's ghost
  9042 | D:6      | Reached XP level 8. HP: 58/60 MP: 1/15
  9245 | D:6      | Reached skill level 5 in Spellcasting
 10220 | D:6      | Found a shadowy altar of Dithmenos.
 10531 | D:7      | Reached skill level 1 in Evocations
 10849 | D:7      | Noticed Menkaure
 10855 | D:7      | Killed Menkaure
 11360 | D:7      | Reached XP level 9. HP: 35/67 MP: 12/17
 11908 | D:7      | Noticed Dowan
 11913 | D:7      | Noticed Duvessa
 11922 | D:7      | Killed Dowan
 11960 | D:7      | Killed Duvessa
 12179 | D:7      | Reached skill level 5 in Fighting
 12416 | D:7      | Reached skill level 6 in Spellcasting
 13018 | D:7      | Reached skill level 1 in Polearms
 13075 | D:7      | Found a staircase to the Ecumenical Temple.
 13091 | Temple   | Entered the Ecumenical Temple
 13337 | Temple   | Became a worshipper of Ashenzari the Shackled
 14196 | D:8      | Noticed Joseph
 14248 | D:8      | Killed Joseph
 14248 | D:8      | Reached skill level 5 in Dodging
 14248 | D:8      | Reached skill level 5 in Conjurations
 14424 | D:8      | Noticed Grum
 14446 | D:8      | Killed Grum
 14622 | D:8      | Reached XP level 10. HP: 50/76 MP: 19/19
 15047 | D:8      | Reached skill level 1 in Staves
 15149 | D:8      | Found a blossoming altar of Fedhas.
 15757 | D:9      | Reached skill level 1 in Charms
 15820 | D:9      | Noticed Erica
 16416 | D:9      | Found a staircase to the Orcish Mines.
 17369 | D:9      | Noticed Gastronok
 17416 | D:9      | Found a blossoming altar of Fedhas.
 17597 | D:9      | Found a glowing golden altar of the Shining One.
 17768 | D:9      | Found a snail-covered altar of Cheibriados.
 18071 | D:9      | Reached skill level 7 in Fighting
 18122 | D:9      | Found a burning altar of Makhleb.
 18122 | D:9      | Found an ancient bone altar of Kikubaaqudgha.
 18284 | Orc:1    | Entered Level 1 of the Orcish Mines
 18431 | Orc:1    | Reached * piety under Ashenzari
 18848 | Orc:1    | Found Cyteitucad's Magic Scroll Shoppe.
 18848 | Orc:1    | Noticed an orc sorcerer
 19328 | Orc:2    | Killed an orc sorcerer
 19350 | Orc:1    | Reached XP level 11. HP: 65/84 MP: 20/20
 19393 | Orc:1    | Bought a scroll of teleportation for 45 gold pieces
 19393 | Orc:1    | Bought a scroll of identify for 30 gold pieces
 19393 | Orc:1    | Bought a scroll of identify for 30 gold pieces
 19393 | Orc:1    | Bought a scroll of teleportation for 45 gold pieces
 19393 | Orc:1    | Bought a scroll of identify for 30 gold pieces
 19393 | Orc:1    | Bought a scroll of identify for 30 gold pieces
 19393 | Orc:1    | Bought a scroll of teleportation for 45 gold pieces
 19393 | Orc:1    | Bought a scroll of identify for 30 gold pieces
 19393 | Orc:1    | Bought a scroll of recharging for 142 gold pieces
 19393 | Orc:1    | Bought a scroll of noise for 15 gold pieces
 19587 | Orc:2    | Reached skill level 5 in Evocations
 20480 | Orc:3    | Found a staircase to the Elven Halls.
 21159 | Orc:2    | Noticed an orc sorcerer
 21177 | Orc:2    | Killed an orc sorcerer
 21391 | Orc:4    | Entered Level 4 of the Orcish Mines
 21895 | Orc:4    | Noticed DishwasherDemon's ghost (journeyman MiBe)
 22219 | Orc:4    | Found an iron altar of Okawaru.
 22272 | Orc:4    | Noticed a hill giant
 22807 | D:10     | Entered Level 10 of the Dungeon
 22883 | D:10     | Reached skill level 8 in Fighting
 22994 | D:10     | Noticed Nergalle
 23127 | D:9      | Killed Nergalle
 23193 | D:10     | Noticed Erolcha
 23299 | D:10     | Found a staircase to the Lair.
 23335 | D:10     | Noticed Urug
 23674 | D:10     | Demolished by a komodo dragon

Action                   |  1- 3 |  4- 6 |  7- 9 | 10-12 || total
-------------------------+-------+-------+-------+-------++-------
Melee: Unarmed           |    24 |       |       |       ||    24
       Spear             |       |       |    61 |       ||    61
       Quarterstaff      |       |       |       |   763 ||   763
 Fire: Hunting sling     |     4 |    30 |    14 |       ||    48
 Cast: Magic Dart        |   156 |   182 |   359 |   188 ||   885
       Repel Missiles    |     1 |       |     4 |     3 ||     8
       Blink             |     1 |     1 |     3 |    36 ||    41
       Call Imp          |       |    66 |   106 |   128 ||   300
       Mephitic Cloud    |       |     1 |     1 |     5 ||     7
Evoke: Wand              |       |    17 |    23 |    70 ||   110
       Deck              |       |     1 |       |       ||     1
  Use: Scroll            |     5 |    10 |     2 |    11 ||    28
 Stab: Sleeping          |       |       |       |     6 ||     6
       Distracted        |       |       |       |     2 ||     2
       Confused          |       |       |       |     4 ||     4
